 Dungeon Crawl Stone Soup version 0.30-a0-358-g0d69a1922f (webtiles) character file.

Game seed: 4462487635384831661

16277 funkygono the Thaumaturge (level 12, -6/94 HPs)
             Began as a Purple Draconian Fire Elementalist on Nov 9, 2022.
             Was a Believer of Vehumet.
             Mangled by a death yak (22 damage)
             ... on level 3 of the Lair of Beasts.
             The game lasted 00:22:18 (14968 turns).

funkygono the Thaumaturge (DrFE)                   Turns: 14968, Time: 00:22:19

Health: -6/94      AC: 14    Str: 10    XL:     12   Next: 8%
Magic:  14/29      EV: 13    Int: 28    God:    Vehumet [**....]
Gold:   623        SH:  5    Dex: 11    Spells: 14/37 levels left

rFire   . . .      SeeInvis .    C - +5 flail
rCold   . . .      Faith    .    (no shield)
rNeg    . . .      Spirit   .    (body armour unavailable)
rPois   .          Reflect  +    (helmet restricted)
rElec   .          Harm     .    d - +2 cloak
rCorr   .          Rampage  .    (no gloves)
Will    +....                    j - +2 pair of boots
Stlth   ++........               t - amulet of reflection
HPRegen 0.35/turn                g - ring of flight
MPRegen 0.21/turn                z - +6 ring of intelligence

@: flying
A: breathe power, AC +8, unfitting armour, cold-blooded
a: Breathe Dispelling Energy, Renounce Religion


You were on level 3 of the Lair of Beasts.
You worshipped Vehumet.
Vehumet was pleased with you.
You visited 3 branches of the dungeon, and saw 14 of its levels.

You collected 623 gold pieces.

Inventory:

Hand Weapons
 b - a +1 dagger of venom
 c - a +0 whip
 q - the +9 dagger "Guin" {flame, Contam rPois Stlth+}
   (You found it on level 2 of the Dungeon)

   It burns those it strikes, dealing additional fire damage.
   rPois:     It protects you from poison.
   Contam:    It causes magical contamination when unequipped.
   Stlth:     It makes you more stealthy.
 C - a +5 flail (weapon)
Missiles
 w - 2 throwing nets (quivered)
Armour
 d - a +2 cloak (worn)
 j - a +2 pair of boots (worn)
Magical Staves
 k - a staff of air
Jewellery
 g - a ring of flight (left hand)
 l - an amulet of guardian spirit
 m - a ring of see invisible
 t - an amulet of reflection (around neck)
 v - a ring of willpower
 z - a +6 ring of intelligence (right hand)
 H - an amulet of magic regeneration
Wands
 o - a wand of light (4)
 x - a wand of flame (28)
 I - a wand of paralysis (6)
 K - a wand of roots (8)
 O - a wand of polymorph (1)
Scrolls
 s - 4 scrolls of blinking
 u - 3 scrolls of teleportation
 y - 2 scrolls of silence
 B - a scroll of immolation
 E - 3 scrolls of identify
 L - a scroll of magic mapping
 M - a scroll of torment
 N - a scroll of enchant armour
Potions
 a - 3 potions of magic
 e - 4 potions of heal wounds
 h - 5 potions of haste
 i - 5 potions of curing
 n - a potion of lignification
 p - a potion of mutation
 r - 2 potions of attraction
 A - a potion of invisibility
 D - a potion of might
 G - a potion of resistance
 J - a potion of brilliance


   Skills:
 + Level 5.6 Fighting
 + Level 4.4 Maces & Flails
 + Level 5.3 Dodging
 - Level 1.7 Stealth
 + Level 1.7 Shields
 + Level 13.3 Spellcasting
 + Level 7.4 Conjurations
 + Level 4.2 Hexes
 + Level 0.1 Translocations
 + Level 11.2 Fire Magic
 + Level 1.0 Air Magic
 + Level 0.4 Poison Magic
 + Level 0.3 Evocations


You had 14 spell levels left.
You knew the following spells:

 Your Spells              Type           Power      Damage    Failure   Level
a - Foxfire               Conj/Fire      100%       2x1d9     1%          1
b - Scorch                Fire           100%       2d10      1%          2
c - Kindle Blastsparks    Fire/Tloc/Air  82%        2d16      1%          3
d - Flame Wave            Conj/Fire      63%        2d15      1%          4
e - Fireball              Conj/Fire      31%        3d13      1%          5
f - Starburst             Conj/Fire      31%        6d10      10%         6
g - Poisonous Vapours     Pois/Air       44%        N/A       3%          2

Your spell library contained the following spells:

 Spells                   Type           Power      Damage    Failure   Level
 Magic Dart               Conj           100%       1d8       1%          1
 Inner Flame              Hex/Fire       58%        N/A       1%          3
 Iskenderun's Battlesphe  Conj           57%        2d11      3%          5
 Vhi's Electric Charge    Tloc/Air       42%        N/A       7%          3
 Arcjolt                  Conj/Air       21%        1d31      14%         5
 Freezing Cloud           Conj/Ice/Air   17%        6-21      24%         5
 Animate Dead             Necr           18%        N/A       28%         4
 Death Channel            Necr           9%         N/A       99%         6
 Simulacrum               Ice/Necr       9%         N/A       99%         6
 Maxwell's Capacitive Co  Air            12%        ∞         100%        8
 Polar Vortex             Ice            9%         N/A       100%        9


Dungeon Overview and Level Annotations

Branches:
Dungeon (10/15)            Temple (1/1) D:6            Lair (3/5) D:9
  Swamp (0/4) Lair:2          Orc (0/2) D:9
  Snake: Lair:2-3    Spider: Lair:2-3

Altars:
Ashenzari
Cheibriados
Dithmenos
Elyvilon
Fedhas
Gozag
Hepliaklqana
Kikubaaqudgha
Makhleb
Okawaru
Qazlal
Ru
Sif Muna
Trog
Uskayaw
Vehumet
Wu Jian
Xom
Yredelemnul
Zin
The Shining One

Annotations:
D:9 1 runed translucent door, RatherSlowDeath's ghost, journeyman DsEE
D:10 Nergalle


Innate Abilities, Weirdness & Mutations

You can breathe bolts of dispelling energy.
Your rich purple scales are hard. (AC +8)
You cannot fit into any form of body armour.
You are cold-blooded and may be slowed by cold attacks.


Message History

(Press . to intensify the flame waves.)
A komodo dragon comes into view.
The death yak barely misses you. x2; The death yak gores you!
A wave of flame ripples out!
The flame wave engulfs the death yak!!
The death yak is almost dead.
The flame wave engulfs the death yak!
The death yak is severely wounded.
The flame wave engulfs the death yak.
The death yak is severely wounded.
The death yak gores you!
The death yak gores you but does no damage.
The death yak gores you!
* * * LOW HITPOINT WARNING * * *
A wave of flame ripples out!
The flame wave engulfs the death yak but does no damage.
The death yak is almost dead.
The flame wave engulfs the death yak.
The death yak is almost dead.
The flame wave engulfs the death yak!!
The death yak is almost dead.
You finish channelling waves of flame.
The death yak gores you!
* * * LOW HITPOINT WARNING * * *
The death yak gores you but does no damage.
The death yak gores you.
* * * LOW HITPOINT WARNING * * *
Casting: Flame Wave (mildly dangerous; 1% risk of failure)
Confirm with . or Enter, or press ? or * to list all spells.
Casting: Flame Wave (mildly dangerous; 1% risk of failure)
Press: ? - help, Dir - look around, f - activate A wave of flame ripples out!
The flame wave engulfs the death yak but does no damage.
The death yak is almost dead.
The flame wave engulfs the death yak!
The death yak is almost dead.
The flame wave engulfs the death yak.
The death yak is almost dead. (Press . to intensify the flame waves.)
The death yak barely misses you. You block the death yak's attack.
The death yak gores you!!
You die...

.... ..........
.... #!...........
.#...
#..........?.
...$.
#............
.#...
#............ ..†.
# #............
.###.
##..##Y.Y.....[...
....†
...l...@Y.........
.....
##...........P.#
####.
##...............
....
##..............
.....
#.........#[...
.....
#..........#...
##+..
................
...
./...............
..#.....##...#..


You could see 3 death yaks and a komodo dragon.

Vanquished Creatures
  2 hydras (Lair:2)
  Harold (D:9)
  A catoblepas (Lair:2)
  A boulder beetle (Lair:3)
  A death yak (Lair:2)
  A black mamba (Lair:2)
  A cane toad (Lair:3)
  3 komodo dragons
  A rime drake (Lair:3)
  3 blink frogs (Lair:3)
  A tyrant leech (Lair:2)
  2 wyverns (D:9)
  9 yaks
  3 basilisks
  3 swamp worms (Lair:2)
  6 water moccasins
  An acid dragon (D:10)
  4 orc warriors
  Duvessa (D:7)
  2 sky beasts (D:7)
  5 black bears
  3 centaurs (D:8)
  An ogre (D:5)
  9 wolves
  10 bullfrogs
  A kobold brigand (D:9)
  2 scorpions
  5 wights (D:6)
  Dowan (D:7)
  3 killer bees (D:7)
  5 howler monkeys
  A crimson imp (D:8)
  2 jellies
  5 orc priests
  6 hounds
  3 gnoll boudas
  Ijyb (D:3)
  10 orc wizards
  13 gnolls
  10 adders
  4 shadow imps
  A white imp (D:7)
  2 worms
  A dart slug (D:3)
  32 orcs
  14 bats
  9 endoplasms
  2 giant cockroaches
  9 goblins
  13 hobgoblins
  8 jackals
  17 kobolds
  3 quokkas
  6 ball pythons
  7 frilled lizards
  5 rats
276 creatures vanquished.

Vanquished Creatures (collateral kills)
  4 foxfires
4 creatures vanquished.

Vanquished Creatures (others)
  A kobold brigand (D:7)
  3 demonic plants (D:1)
  821 foxfires
  14 fungi
  6 plants
845 creatures vanquished.

Grand Total: 1125 creatures vanquished

Notes
Turn   | Place    | Note
-------+----------+-------------------------------------------
     0 | D:1      | funkygono the Draconian Fire Elementalist began the quest
                  | for the Orb.
     0 | D:1      | Reached XP level 1. HP: 14/14 MP: 3/3
   225 | D:1      | Reached XP level 2. HP: 9/20 MP: 0/5
   235 | D:1      | Learned a level 2 spell: Scorch
   549 | D:1      | Found a faded altar of an unknown god.
   706 | D:1      | Reached XP level 3. HP: 26/26 MP: 4/6
   710 | D:1      | Learned a level 3 spell: Kindle Blastsparks
  1833 | D:2      | Reached XP level 4. HP: 33/33 MP: 4/8
  2184 | D:2      | Reached skill level 3 in Spellcasting
  2260 | D:2      | Identified the +9 dagger "Guin" {flame, Contam rPois
                  | Stlth+}
  2788 | D:3      | Found a white marble altar of Elyvilon.
  2866 | D:3      | Noticed Ijyb
  2952 | D:3      | Killed Ijyb
  3098 | D:3      | Reached XP level 5. HP: 38/38 MP: 6/10
  3526 | D:3      | Found a glowing golden altar of the Shining One.
  4090 | D:3      | Learned a level 4 spell: Flame Wave
  4172 | D:4      | Reached skill level 4 in Spellcasting
  4492 | D:4      | Reached XP level 6. HP: 45/45 MP: 2/12
  4724 | D:4      | Found a hide-covered altar of Uskayaw.
  5296 | D:5      | Entered Level 5 of the Dungeon
  5414 | D:5      | Reached skill level 5 in Fire Magic
  5653 | D:5      | Reached skill level 5 in Spellcasting
  5653 | D:5      | Your scales start taking on a rich purple colour.
  5653 | D:5      | Reached skill level 6 in Spellcasting
  5653 | D:5      | Reached XP level 7. HP: 50/50 MP: 6/16
  5995 | D:5      | Reached skill level 7 in Spellcasting
  6051 | D:5      | Found a bloodstained altar of Trog.
  6624 | D:6      | Found an opulent altar of Gozag.
  6754 | D:6      | Reached XP level 8. HP: 57/57 MP: 14/19
  6920 | D:6      | Found a staircase to the Ecumenical Temple.
  7323 | D:6      | Found a broken altar of Ashenzari.
  7482 | D:6      | Reached skill level 8 in Spellcasting
  7914 | D:7      | Noticed Duvessa
  7914 | D:7      | Noticed Dowan
  7918 | D:7      | Killed Dowan
  7924 | D:7      | Killed Duvessa
  7972 | D:7      | Reached skill level 9 in Spellcasting
  8170 | D:7      | Reached XP level 9. HP: 62/62 MP: 17/22
  8823 | Temple   | Entered the Ecumenical Temple
  8832 | Temple   | Became a worshipper of Vehumet
  9176 | D:8      | Found a sacrificial altar of Ru.
  9330 | D:8      | Found a burning altar of Makhleb.
  9900 | D:8      | Reached skill level 10 in Spellcasting
  9900 | D:8      | Reached XP level 10. HP: 80/80 MP: 22/24
  9933 | D:9      | Noticed Harold
  9947 | D:9      | Killed Harold
  9948 | D:9      | Reached skill level 1 in Shields
  9948 | D:9      | Reached skill level 11 in Spellcasting
 10072 | D:9      | Found a staircase to the Orcish Mines.
 10292 | D:9      | Found a staircase to the Lair.
 10341 | D:9      | Reached * piety under Vehumet
 10341 | D:9      | Offered knowledge of Freeze by Vehumet.
 10551 | D:9      | Found a runed translucent door.
 10552 | D:9      | Noticed RatherSlowDeath's ghost (journeyman DsEE)
 11186 | D:10     | Entered Level 10 of the Dungeon
 11190 | D:10     | Noticed Nergalle
 11197 | D:10     | HP: 1/71 [spectral orc warrior/+0 long sword[Nergalle] (8)]
 11810 | Lair:1   | Entered Level 1 of the Lair of Beasts
 12183 | Lair:1   | Reached XP level 11. HP: 83/84 MP: 19/26
 12779 | Lair:2   | Noticed a catoblepas
 12813 | Lair:2   | Killed a catoblepas
 13089 | Lair:2   | Reached skill level 10 in Fire Magic
 13231 | Lair:2   | Offered knowledge of Shock by Vehumet.
 13232 | Lair:2   | Reached skill level 12 in Spellcasting
 13237 | Lair:2   | Reached ** piety under Vehumet
 13238 | Lair:2   | Reached skill level 5 in Fighting
 13549 | Lair:2   | Noticed a four-headed hydra
 13557 | Lair:2   | Killed a four-headed hydra
 13558 | Lair:2   | Reached skill level 5 in Dodging
 13781 | Lair:2   | Noticed a five-headed hydra
 13784 | Lair:2   | Found a staircase to the Swamp.
 14029 | Lair:2   | Killed a five-headed hydra
 14384 | Lair:2   | Identified a scroll of acquirement
 14384 | Lair:2   | Acquired the Omnibus of Kinetic Profane Liturgies
 14392 | Lair:2   | Learned a level 5 spell: Fireball
 14399 | Lair:2   | Learned a level 6 spell: Starburst
 14433 | Lair:3   | Noticed a boulder beetle
 14633 | Lair:3   | Reached skill level 13 in Spellcasting
 14682 | Lair:3   | Offered knowledge of Poisonous Vapours by Vehumet.
 14686 | Lair:3   | Learned a level 2 spell: Poisonous Vapours
 14719 | Lair:3   | Killed a boulder beetle
 14724 | Lair:3   | Reached XP level 12. HP: 63/94 MP: 13/29
 14747 | Lair:3   | Noticed a death yak
 14871 | Lair:3   | Noticed a death yak
 14876 | Lair:3   | Noticed a death yak
 14876 | Lair:3   | Noticed a death yak
 14890 | Lair:2   | Killed a death yak
 14891 | Lair:2   | Reached skill level 1 in Air Magic
 14968 | Lair:3   | Mangled by a death yak

Illustrated notes

Levels and vault maps discovered:
D:1:      sevenhm_arrival_forest_fort_large_2, layout_basic,
          shapermc_ecumenical_altar_gd
D:2:      layout_loops_ring, serial_forest, infiniplex_forest_lined_room_2,
          infiniplex_forest_join, infiniplex_forest_lined_ring,
          infiniplex_forest_corner_1, infiniplex_forest_lined_ring,
          infiniplex_forest_clump_cross
D:3:      layout_loops_cross, elyvilon_altar_5, nicolae_tso_swordbearing_angel,
          serial_park_tiny_pond, minmay_tree_intersection, uniq_ijyb
D:4:      layout_basic, eat_drink_and_be_merry_uskayaw, minmay_starry_boxes
D:5:      layout_rooms, trog_ov_bears_minmay
D:6:      layout_basic, ashenzari_conservatory_becter, grunt_gozag_breadcrumbs,
          minmay_temple_entry_from_below_a, serial_glass, glass_columns_c,
          glass_columns_a
D:7:      layout_loops_cross, minmay_statues_item, minmay_bent, uniq_duvessa
D:8:      layout_gridville, makhleb_grotto_becter,
          nicolae_ru_great_annihilating_truth
D:9:      layout_cave_pods, lair_entry_dummy, david_orc_2,
          ebering_ghost_inner_flame, uniq_harold
D:10:     kennysheep_seaside_town, layout_basic, mainiacjoe_overflow_paths,
          kennysheep_dice, uniq_nergalle, uniq_fannar
Temple:   cyrus_circular_temple
Lair:1:   layout_concentric_octagons, beast_lair_carwin_5
Lair:2:   layout_big_grid, palyth_hydra_swamp_entry, grunt_megastairs_3
Lair:3:   layout_chaotic_city, spider_nest_entry_rubble

Skill      XL: |  1  2  3  4  5  6  7  8  9 10 11 12 |
---------------+-------------------------------------+-----
Fire Magic     | 4 5 6 7 9 11 | 11.2
Spellcasting   | 3 4 6 7 9 10 11 13 | 13.3
Conjurations   | 2 3 4 6 7 |  7.4
Dodging        | 2 4 5 |  5.3
Fighting       | 4 5 |  5.6
Maces & Flails | 4 |  4.4
Hexes          | 4 |  4.2
Shields        | 1 |  1.7
Air Magic      | 1 |  1.0
Stealth        | |  1.7
Translocations | |  0.1
Poison Magic   | |  0.4
Evocations     | |  0.3

Action                   |  1- 3 |  4- 6 |  7- 9 | 10-12 || total
-------------------------+-------+-------+-------+-------++-------
Melee: Dagger            |     1 |       |       |       ||     1
       Whip              |    11 |     7 |     2 |       ||    20
       Tailslap          |     4 |       |     2 |     9 ||    15
       Flail             |       |       |    11 |    34 ||    45
       Punch             |       |       |       |     2 ||     2
 Cast: Foxfire           |    55 |   120 |   132 |   170 ||   477
       Scorch            |     7 |    27 |    47 |    72 ||   153
       Flame Wave        |       |       |     3 |    25 ||    28
       Kindle Blastspark |       |       |     3 |       ||     3
       Poisonous Vapours |       |       |       |     5 ||     5
 Abil: Breathe Dispellin |       |       |     2 |     1 ||     3
Evoke: Wand              |       |       |       |     7 ||     7
  Use: Scroll            |     6 |     8 |     8 |     7 ||    29
       Potion            |       |       |     2 |     4 ||     6
Armor: Skin              |     6 |     7 |    24 |    59 ||    96
Dodge: Dodged            |    19 |    15 |    50 |    76 ||   160
Block: Other             |       |       |    13 |    38 ||    51
       Reflection        |       |       |     4 |     1 ||     5

Table legend: (Time is in decaauts)
 A = Elapsed time spent in this place.
 B = Non-inter-level travel time spent in this place.
 C = Inter-level travel time spent in this place.
 D = Time resting spent in this place.
 E = Time spent auto-exploring this place.
 F = Levels seen in this place.
 G = Mean time per level.
                   A        B        C        D        E       F      G
               +--------+--------+--------+--------+--------+-----+--------+
         Total |  14998 |  14586 |    412 |    705 |  11789 |  14 | 1071.3 |
       Dungeon |  11766 |  11419 |    347 |    672 |   9190 |  10 | 1176.6 |
        Temple |     55 |     44 |     11 |      0 |     33 |   1 |   55.0 |
          Lair |   3176 |   3123 |     53 |     33 |   2566 |   3 | 1058.7 |
               +--------+--------+--------+--------+--------+-----+--------+

Top non-repeatable levels by time:
  Lair:2: 1948 daAuts
     D:1: 1679 daAuts
     D:9: 1629 daAuts
     D:6: 1582 daAuts
     D:3: 1460 daAuts
     D:2: 1194 daAuts
     D:7: 1058 daAuts
     D:4: 1056 daAuts
     D:8: 1033 daAuts
  Lair:1: 958 daAuts
     D:5: 818 daAuts
  Lair:3: 269 daAuts
    D:10: 253 daAuts
  Temple: 55 daAuts
